 Dungeon Crawl Stone Soup version 0.17.1-3-g152610e (webtiles) character file.

4376 kaze the Basher (level 10, -19/64 HPs)
             Began as a Gargoyle Berserker on Mar 13, 2016.
             Was a High Priest of Trog.
             Demolished by an orc warlord
             ... wielding a +0 bardiche
              (28 damage)
             ... on level 8 of the Dungeon.
             The game lasted 00:16:31 (7724 turns).

kaze the Basher (Gargoyle Berserker)                Turns: 7724, Time: 00:16:31

Health: -19/64     AC: 24    Str: 25    XL:     10   Next: 35%
Magic:  9/9        EV:  9    Int:  9    God:    Trog [*****.]
Gold:   393        SH:  4    Dex:  9    Spells: 0 memorised, 9 levels left

rFire  + . .     SeeInvis .     v - +2 flail (drain)
rCold  x . .     Clarity  .     I - +0 plate armour
rNeg   + . .     SustAt   .     j - +0 buckler
rPois  ∞         Gourm    .     (no helmet)
rElec  +         Spirit   .     (no cloak)
rCorr  .         Warding  .     i - +0 pair of gloves
rMut   .         Stasis   .     z - +0 pair of boots (curse)
MR     .....                    (no amulet)
Stlth  ..........               q - ring of fire
                                u - ring of flight

@: exhausted, slowed, very slow, not resistant to hostile enchantments,
extremely unstealthy
A: molten scales 1, clever 1, low mp 1, negative energy resistance 1, screaming
1, electricity resistance, unbreathing, petrification resistance, rot immunity,
AC +7
a: Berserk, Trog's Hand, Brothers in Arms, Burn Spellbooks, Renounce Religion,
Evoke Flight


You were on level 8 of the Dungeon.
You worshipped Trog.
Trog was extremely pleased with you.
You were very hungry.

You visited 1 branch of the dungeon, and saw 8 of its levels.

You collected 393 gold pieces.

Inventory:

Hand Weapons
 a - a +0 mace
 v - a +2 flail of draining (weapon)
 x - a +1 flail of holy wrath
Missiles
 t - 3 tomahawks (quivered)
 L - 3 poisoned javelins
Armour
 i - a +0 pair of gloves (worn)
 j - a +0 buckler (worn)
 z - a cursed +0 pair of boots (worn)
 I - a +0 plate armour (worn)
Jewellery
 q - a ring of fire (right hand)
 u - a ring of flight (left hand)
 E - a cursed ring of loudness {unknown}
 M - an uncursed ring of protection from cold {unknown}
Wands
 y - a wand of polymorph (6)
Scrolls
 b - a scroll of random uselessness {unknown}
 c - a scroll of teleportation {unknown}
 d - 9 scrolls of identify {unknown}
 h - 2 scrolls of enchant weapon {unknown}
 k - 2 scrolls of immolation {unknown}
 m - 3 scrolls of recharging {unknown}
 o - 3 scrolls of amnesia {unknown}
 r - 2 scrolls of enchant armour {unknown}
 s - 3 scrolls of fog {unknown}
 B - 2 scrolls of noise {unknown}
 C - 6 scrolls of remove curse {unknown}
 D - 2 scrolls of fear {unknown}
 F - 2 scrolls of magic mapping {unknown}
 H - a scroll of torment {unknown}
Potions
 e - a potion of heal wounds {unknown}
 g - a potion of mutation {unknown}
 n - a potion of agility {unknown}
 w - 2 potions of berserk rage {unknown}
 A - 4 potions of curing {unknown}
Comestibles
 f - 10 slices of pizza
 l - a meat ration
 p - 5 fruits
 G - 2 bread rations
 J - 2 beef jerkies
 K - 15 chunks of flesh


   Skills:
 + Level 8.1 Fighting
 + Level 8.6 Maces & Flails
 + Level 8.2 Armour
 + Level 5.4 Dodging
 + Level 1.0 Stealth
 + Level 4.2 Shields


You had 9 spell levels left.
You didn't know any spells.

Dungeon Overview and Level Annotations

Branches:
Dungeon (8/15)             Temple (0/1) D:4
   Lair: D:8-11

Altars:
Ashenzari
Cheibriados
Elyvilon
Fedhas
Gozag
Makhleb
Okawaru
Ru
Sif Muna
Trog
Xom
Yredelemnul


Innate Abilities, Weirdness & Mutations

You are resistant to torment.
Your stone body is resilient (AC +7).
You are immune to poison.
You resist negative energy.
You are resistant to electric shocks.
You can survive without breathing.
You are immune to petrification.
You are immune to rotting.
You are partially covered in molten scales (AC +1).
Your mind is acute. (Int +2)
Your magical capacity is low (-10% MP).
You occasionally shout uncontrollably at your foes.


Message History

* * * LOW HITPOINT WARNING * * *
You hear a shout!
The orc warlord roars a battlecry!
The orc warrior goes into a battle-frenzy!
Your skin stops crawling.
You feel less resistant to hostile enchantments.
The orc warlord hits you from afar with a bardiche.
* * * LOW HITPOINT WARNING * * *
The orc knight roars a battlecry!
The orc goes into a battle-frenzy!
The orc knight unwields an uncursed glaive.
The orc knight wields an arbalest.
The orc knight shoots a bolt.
You block the bolt.
You see here a bolt.
The orc knight shoots a bolt.
The bolt hits you.
* * * LOW HITPOINT WARNING * * *
The orc warlord roars a battlecry!
The orcs go into a battle-frenzy!
The orc warlord hits you from afar with a bardiche!!
You die...

###'#....o..o.....# + ##
#.#.)))###o###### # .#
#.#..o)#.#.o...... # .#
#.###)##.#o....... # .#
#))....#%#o....o.. # .#
≈≈.#o)†...#.'........ #
.#≈≈≈.#.#########################
.#≈≈≈.#.#..o........#....#)......
..≈≈≈.#.)..o.oo.@.).'..[.)†......
..≈≈###'#...........#..))#.....[.
..≈≈#...#############'')'########
..≈≈#...#......................
..≈≈#####≈≈≈≈≈≈≈≈≈≈≈≈....≈≈≈≈≈≈
..≈≈≈≈≈≈≈≈≈≈≈≈≈≈≈≈≈≈≈....≈≈≈≈≈≈
..≈≈≈≈≈≈≈≈≈≈≈≈≈≈≈≈≈≈≈..).≈≈≈≈≈≈
...P.......÷[..................
.......†...........>....#######


You could see an orc warlord, an orc knight (frenzied), an orc warrior
(frenzied) and an orc (frenzied).

Vanquished Creatures
  Joseph (D:7)
  Prince Ribbit (D:7)
  Sigmund (D:2)
  A human (D:7)
  A yak (D:7)
  4 wargs (D:8)
  2 ice beasts
  4 orc warriors
  2 sky beasts
  A phantom (D:7)
  3 ogres (D:8)
  A gnoll sergeant (D:7)
  A giant frog (D:8)
  A water moccasin zombie (D:6)
  4 crimson imps
  A giant frog zombie (D:5)
  A jelly (D:6)
  4 hounds
  9 orc wizards
  A giant frog skeleton (D:7)
  Ijyb (D:2)
  A centaur skeleton (D:4)
  5 orc priests
  A gnoll shaman (D:4)
  2 iguanas
  11 worker ants
  3 sheep (D:7)
  A hound skeleton (D:6)
  12 gnolls
  14 adders
  A river rat (D:3)
  A shadow imp (D:5)
  3 oozes
  An adder zombie (D:7)
  6 worms
  7 giant geckos
  44 orcs
  A ball python (D:4)
  7 bats
  15 hobgoblins
  9 jackals
  3 quokkas
  8 giant cockroaches
  A giant cockroach zombie (D:5)
  A giant gecko skeleton (D:7)
  2 giant newts (D:1)
  9 goblins
  A jackal zombie (D:6)
  12 kobolds
  A quokka zombie (D:6)
  10 rats
238 creatures vanquished.

Notes
Turn   | Place    | Note
--------------------------------------------------------------
     0 | D:1      | kaze the Gargoyle Berserker began the quest for the Orb.
     0 | D:1      | Reached XP level 1. HP: 14/14 MP: 1/1
   340 | D:1      | Reached XP level 2. HP: 10/19 MP: 2/2
   748 | D:1      | Reached ** piety under Trog
   748 | D:1      | Reached XP level 3. HP: 24/24 MP: 3/3
  1303 | D:2      | Noticed Sigmund
  1313 | D:2      | Killed Sigmund
  1313 | D:2      | Reached skill level 4 in Fighting
  1313 | D:2      | Reached XP level 4. HP: 29/29 MP: 4/4
  1313 | D:2      | Reached XP level 5. HP: 33/33 MP: 5/5
  1321 | D:2      | Reached XP level 6. HP: 30/38 MP: 6/6
  1361 | D:2      | Noticed Ijyb
  1384 | D:2      | Killed Ijyb
  1763 | D:2      | Found a white marble altar of Elyvilon.
  1821 | D:2      | Found a blossoming altar of Fedhas.
  2062 | D:2      | Found a shimmering altar of Xom.
  2063 | D:2      | Found a snail-covered altar of Cheibriados.
  2196 | D:3      | Reached *** piety under Trog
  2280 | D:3      | Found a basalt altar of Yredelemnul.
  2682 | D:3      | Reached XP level 7. HP: 31/44 MP: 7/7
  3207 | D:4      | Reached skill level 5 in Armour
  3547 | D:4      | Found a sacrificial altar of Ru.
  3750 | D:4      | Reached skill level 5 in Fighting
  3934 | D:4      | Found a staircase to the Ecumenical Temple.
  3957 | D:4      | Reached **** piety under Trog
  4368 | D:5      | Entered Level 5 of the Dungeon
  4410 | D:5      | Reached XP level 8. HP: 44/49 MP: 8/8
  4490 | D:5      | Reached skill level 5 in Maces & Flails
  4498 | D:5      | Gained mutation: You occasionally shout uncontrollably at your foes. [mutagenic meat]
  4499 | D:5      | Gained mutation: You are partially covered in molten scales (AC +1). [mutagenic meat]
  4500 | D:5      | Gained mutation: Your magical capacity is low (-10% MP). [mutagenic meat]
  4501 | D:5      | Gained mutation: Your mind is acute. (Int +2) [mutagenic meat]
  4684 | D:5      | Found an iron altar of Okawaru.
  4684 | D:5      | Found a burning altar of Makhleb.
  4685 | D:5      | Found a bloodstained altar of Trog.
  5038 | D:6      | Reached skill level 1 in Stealth
  5069 | D:6      | Reached skill level 1 in Shields
  5174 | D:6      | Found a shattered altar of Ashenzari.
  5187 | D:6      | Reached skill level 6 in Maces & Flails
  5795 | D:7      | Noticed Prince Ribbit
  5887 | D:7      | Reached skill level 5 in Dodging
  5925 | D:7      | Reached XP level 9. HP: 52/55 MP: 8/8
  6354 | D:7      | Reached skill level 7 in Maces & Flails
  6373 | D:7      | Killed Prince Ribbit
  6374 | D:7      | Reached ***** piety under Trog
  6685 | D:7      | Noticed Joseph
  6704 | D:7      | Killed Joseph
  6785 | D:7      | Found a deep blue altar of Sif Muna.
  7193 | D:8      | Found an opulent altar of Gozag.
  7205 | D:8      | Reached XP level 10. HP: 63/63 MP: 9/9
  7207 | D:8      | Reached skill level 8 in Maces & Flails
  7467 | D:8      | Received a gift from Trog
  7693 | D:8      | Noticed an orc warlord
  7693 | D:8      | Noticed an orc knight
  7724 | D:8      | Demolished by an orc warlord

Action                   |  1- 3 |  4- 6 |  7- 9 | 10-12 || total
-------------------------+-------+-------+-------+-------++-------
Melee: Mace              |   125 |   173 |   180 |       ||   478
       Flail             |       |       |   339 |   156 ||   495
Invok: Berserk           |     2 |       |     8 |     1 ||    11
       Trog's Hand       |     1 |       |     1 |     1 ||     3
       Brothers in Arms  |       |       |       |     1 ||     1
  Use: Potion            |     2 |       |       |       ||     2
  Eat: Bread ration      |     1 |       |     3 |       ||     4
       Chunk             |       |     4 |     9 |     1 ||    14
       Meat ration       |       |       |     1 |       ||     1
       Beef jerky        |       |       |     2 |       ||     2
